Stars vs Blues
(R1)
Created - March 4, 2022 at 09:03
Goals
|
Stars |
2 |
1 |
0 |
3 |
Blues |
0 |
2 |
3 |
5 |
|
Shots
|
Stars |
8 |
12 |
6 |
26 |
Blues |
11 |
14 |
8 |
33 |
|
1st period
1. Stars , Cory Emmerton 6 (Paul Ladue 7) at 13:32
2. Stars , Scott Kosmachuck 4 (Jeremy Morin 2, Paul Ladue 8) at 18:26
Penalties :
David Perron (Stl) for Holding (Minor) at 3:41, Brian Lee (Dal) for Interference (Minor) at 9:19, Brandon Montour (Stl) for High sticking (Minor) at 15:03, Brian Lee (Dal) for High sticking (Minor) at 18:50
2nd period
3. Blues , David Perron 16 (Alex Pietrangelo 33, Riley Sheahan 19) at 12:13 (PP)
4. Blues , Riley Sheahan 17 (David Perron 16, Cody Ceci 8) at 16:02 (PP)
5. Stars , John Tavares 24 (Guillaume Latendresse 16) at 17:43
Penalties :
Andrew Ladd (Dal) for Hooking (Minor) at 2:11, Brandon Montour (Stl) for Boarding (Minor) at 4:43, Andrej Sustr (Dal) for Hooking (Minor) at 11:05, Brian Lee (Dal) for Hooking (Minor) at 15:18
3rd period
6. Blues , Riley Sheahan 18 (David Perron 17, Devin Shore 13) at 5:41
7. Blues , Tyler Johnson 16 (Alex Pietrangelo 34, Nicklas Backstrom 28) at 5:47
8. Blues , Nicklas Backstrom 21 (Tyler Johnson 28) at 9:00
Penalties :
Tyler Johnson (Stl) for Hooking (Minor) at 2:02, Ladislav Smid (Stl) for Hooking (Minor) at 14:46
Goalie Stats
Matt Murray (Dal), 28 saves from 33 shots - (0.848), L, 16-12-3, 60:00 minutes
Joonas Korpisalo (Stl), 23 saves from 26 shots - (0.885), W, 3-1-0, 60:00 minutes
Players Stats for Stars
Player Name G A P +/- PIM S H SB GA TA FO MP PP MP PK MP
------------------------------------------------------------------------------------
Alex Chiasson 0 0 0 -1 0 0 3 0 0 0 1/2 16:34 4:39 0:45
Andrej Sustr 0 0 0 -1 2 2 1 1 1 1 0/0 22:19 4:45 4:13
Andrew Ladd 0 0 0 0 2 3 3 0 0 0 0/0 11:06 0:07 0:19
Boris Valabik 0 0 0 -1 0 1 0 0 0 3 0/0 21:51 4:45 3:38
Brian Lee 0 0 0 -1 6 3 1 0 0 1 0/0 26:18 5:10 1:06
Cam Atkinson 0 0 0 0 0 1 1 0 0 1 0/0 9:22 0:07 0:00
Cory Emmerton 1 0 1 1 0 1 0 0 0 0 4/4 8:59 0:00 0:09
Evgeny Grachev 0 0 0 -1 0 2 0 1 0 0 4/11 18:02 4:39 2:41
Evgeny Kuznetsov 0 0 0 1 0 0 2 0 0 1 2/5 7:07 0:00 0:00
Guillaume Latendresse 0 1 1 0 0 0 2 0 0 1 0/1 23:31 5:09 4:20
Ian White 0 0 0 -1 0 1 1 0 0 1 0/0 29:21 5:10 3:53
Jeremy Morin 0 1 1 1 0 0 2 0 0 0 1/1 7:49 0:07 0:18
John Tavares 1 0 1 -1 0 6 2 0 0 0 13/34 24:49 5:09 4:25
Jussi Jokinen 0 0 0 -1 0 2 0 1 0 0 1/1 17:46 4:39 2:41
Michael Grabner 0 0 0 0 0 3 0 0 1 2 0/2 19:11 5:09 0:00
Paul Ladue 0 2 2 2 0 0 1 2 0 1 0/0 12:24 0:00 2:48
Scott Kosmachuck 1 0 1 1 0 1 0 0 0 1 0/0 7:07 0:00 0:00
Tyson Barrie 0 0 0 2 0 0 0 0 0 0 0/0 8:30 0:00 0:00
Players Stats for Blues
Player Name G A P +/- PIM S H SB GA TA FO MP PP MP PK MP
------------------------------------------------------------------------------------
Alex Pietrangelo 0 2 2 1 0 0 0 0 0 0 0/0 22:29 5:10 1:15
Anthony Mantha 0 0 0 -1 0 1 2 0 0 0 0/0 11:03 0:00 0:00
Auston Matthews 0 0 0 -1 0 1 1 0 1 0 1/4 10:20 0:00 0:00
Brandon Montour 0 0 0 -1 4 1 0 1 0 0 0/0 18:55 2:39 0:00
Cody Ceci 0 1 1 -2 0 2 1 2 2 0 0/0 26:14 5:10 6:00
David Perron 1 2 3 -1 2 4 2 0 1 0 0/0 15:32 3:42 1:22
Devin Shore 0 1 1 -1 0 0 1 0 0 0 7/14 14:56 3:42 0:47
Drew Shore 0 0 0 0 0 0 4 1 0 0 5/9 10:01 0:00 5:05
Filip Forsberg 0 0 0 2 0 2 4 0 4 0 1/1 20:26 4:07 0:30
Ladislav Smid 0 0 0 1 2 1 1 0 0 0 0/0 13:35 0:00 3:13
Linus Omark 0 0 0 -1 0 2 1 0 0 0 0/0 9:51 0:00 0:00
Martin Marincin 0 0 0 1 0 2 0 1 0 0 0/0 13:36 0:00 3:55
Nicklas Backstrom 1 1 2 2 0 4 3 0 2 0 19/31 20:10 4:07 0:14
Patrick Kaleta 0 0 0 0 0 2 1 0 0 0 0/0 8:09 0:00 2:48
Riley Sheahan 2 1 3 -1 0 7 2 1 1 0 0/0 17:14 3:42 2:48
Ryan Murray 0 0 0 0 0 2 0 3 0 1 0/0 25:59 2:39 5:27
Samuel Morin 0 0 0 0 0 0 1 0 0 0 0/0 7:00 0:00 2:07
Tyler Johnson 1 1 2 2 2 2 2 0 2 1 2/2 24:30 4:07 4:09
3 Stars
1 - Riley Sheahan (Stl)
2 - Nicklas Backstrom (Stl)
3 - Tyler Johnson (Stl)
Power Play
Stars - 0 on 5 Attempt(s) - 0.00%
Blues - 2 on 5 Attempt(s) - 40.00%
Penalty Kill
Stars - 3 on 5 Attempt(s) - 60.00%
- Score 0 goal in Penalty Kill
Blues - 5 on 5 Attempt(s) - 100.00%
- Score 0 goal in Penalty Kill
Team Stat
Stars - Hits : 19 - Faceoff Wins : 26 - Blocked Shots : 5 - Penalty Minutes : 10
Blues - Hits : 26 - Faceoff Wins : 35 - Blocked Shots : 9 - Penalty Minutes : 10
Official
Referees : Tim Peel and Jacob Brenk
Linesman : James Tobias and Steve Miller
Game Notes
12:13 of 2nd period - Blues goal is going for a video replay. After video review, Goal.
Finance
Level 1 -- Attendance: 5406 (90.10%) -- Ticket Income $540,600
Level 2 -- Attendance: 4523 (90.46%) -- Ticket Income $271,380
Level 3 -- Attendance: 1911 (95.55%) -- Ticket Income $66,885
Level 4 -- Attendance: 4000 (100.00%) -- Ticket Income $100,000
Luxury Box -- Attendance: 1000 (100.00%) -- Ticket Income $200,000
Game was played at the Enterprise Center.
Total Attendance: 16840 (93.56%)
Total Ticket Income: $1,178,865
Other Income: $176,830
Total Income: $1,355,695
Stars
5 vs 5 Forward
Center Left Wing Right Wing Time % Phy DF OF
1 John Tavares Guillaume Latendresse Michael Grabner 40 1 2 2
2 Evgeny Grachev Jussi Jokinen Alex Chiasson 30 1 2 2
3 Cory Emmerton Andrew Ladd Cam Atkinson 20 1 2 2
4 Evgeny Kuznetsov Jeremy Morin Scott Kosmachuck 10 1 2 2
5 vs 5 Defense
Defense Defense Time % Phy DF OF
1 Ian White Brian Lee 40 1 2 2
2 Boris Valabik Andrej Sustr 30 1 2 2
3 Paul Ladue Tyson Barrie 20 1 2 2
4 Ian White Brian Lee 10 1 2 2
PowerPlay Forward
Center Left Wing Right Wing Time % Phy DF OF
1 John Tavares Guillaume Latendresse Michael Grabner 60 0 2 3
2 Evgeny Grachev Jussi Jokinen Alex Chiasson 40 0 2 3
PowerPlay Defense
Defense Defense Time % Phy DF OF
1 Ian White Brian Lee 60 0 2 3
2 Boris Valabik Andrej Sustr 40 0 2 3
Penalty Kill 4 Players Forward
Center Wing Time % Phy DF OF
1 John Tavares Guillaume Latendresse 60 0 3 2
2 Evgeny Grachev Jussi Jokinen 40 0 3 2
Penalty Kill 4 Players Defense
Defense Defense Time % Phy DF OF
1 Ian White Brian Lee 60 0 3 2
2 Boris Valabik Andrej Sustr 40 0 3 2
Penalty Kill - 3 Players Forward
Forward Time % Phy DF OF
1 John Tavares 60 0 3 2
2 Evgeny Grachev 40 0 3 2
Penalty Kill - 3 Players Defense
Defense Defense Time % Phy DF OF
1 Ian White Brian Lee 60 0 3 2
2 Boris Valabik Andrej Sustr 40 0 3 2
4 vs 4 Forward
Center Wing Time % Phy DF OF
1 John Tavares Guillaume Latendresse 60 0 2 3
2 Evgeny Grachev Jussi Jokinen 40 0 2 3
4 vs 4 Defense
Defense Defense Time % Phy DF OF
1 Ian White Brian Lee 60 1 2 2
2 Boris Valabik Andrej Sustr 40 1 2 2
Last Minutes Offensive
Center Left Wing Right Wing Defense Defense
John Tavares Guillaume Latendresse Michael Grabner Ian White Brian Lee
Last Minutes Defensive
Center Left Wing Right Wing Defense Defense
John Tavares Guillaume Latendresse Michael Grabner Ian White Brian Lee
Goaltenders
Starting : Matt Murray
Backup : Braden Holtby
Extra Forwards
Normal : Alex Chiasson, Andrew Ladd, Evgeny Grachev - PP : Alex Chiasson, Andrew Ladd - PK : Alex Chiasson
Extra Defensemen
Normal : Andrej Sustr, Paul Ladue, Tyson Barrie - PP : Andrej Sustr - PK : Andrej Sustr, Paul Ladue
Penalty Shots
John Tavares, Guillaume Latendresse, Michael Grabner, Jussi Jokinen, Alex Chiasson
Scratches
Tyler Brenner (Healthy)
Blues
5 vs 5 Forward
Center Left Wing Right Wing Time % Phy DF OF
1 Nicklas Backstrom Filip Forsberg Tyler Johnson 40 1 2 2
2 Devin Shore David Perron Riley Sheahan 30 1 2 2
3 Auston Matthews Linus Omark Anthony Mantha 20 1 2 2
4 Drew Shore Samuel Morin Patrick Kaleta 10 1 2 2
5 vs 5 Defense
Defense Defense Time % Phy DF OF
1 Alex Pietrangelo Ryan Murray 40 1 2 2
2 Brandon Montour Cody Ceci 30 1 2 2
3 Martin Marincin Ladislav Smid 20 1 2 2
4 Ryan Murray Alex Pietrangelo 10 1 2 2
PowerPlay Forward
Center Left Wing Right Wing Time % Phy DF OF
1 Nicklas Backstrom Filip Forsberg Tyler Johnson 60 1 2 2
2 Devin Shore David Perron Riley Sheahan 40 1 2 2
PowerPlay Defense
Defense Defense Time % Phy DF OF
1 Alex Pietrangelo Cody Ceci 60 1 2 2
2 Brandon Montour Ryan Murray 40 1 2 2
Penalty Kill 4 Players Forward
Center Wing Time % Phy DF OF
1 Drew Shore Tyler Johnson 60 1 2 2
2 Riley Sheahan Patrick Kaleta 40 1 2 2
Penalty Kill 4 Players Defense
Defense Defense Time % Phy DF OF
1 Cody Ceci Ryan Murray 60 1 2 2
2 Ladislav Smid Martin Marincin 40 1 2 2
Penalty Kill - 3 Players Forward
Forward Time % Phy DF OF
1 Riley Sheahan 60 1 2 2
2 Drew Shore 40 1 2 2
Penalty Kill - 3 Players Defense
Defense Defense Time % Phy DF OF
1 Cody Ceci Ladislav Smid 60 1 2 2
2 Ryan Murray Martin Marincin 40 1 2 2
4 vs 4 Forward
Center Wing Time % Phy DF OF
1 Nicklas Backstrom Filip Forsberg 60 1 2 2
2 Drew Shore Tyler Johnson 40 1 2 2
4 vs 4 Defense
Defense Defense Time % Phy DF OF
1 Alex Pietrangelo Cody Ceci 60 1 2 2
2 Brandon Montour Ryan Murray 40 1 2 2
Last Minutes Offensive
Center Left Wing Right Wing Defense Defense
Nicklas Backstrom Filip Forsberg Tyler Johnson Alex Pietrangelo Ryan Murray
Last Minutes Defensive
Center Left Wing Right Wing Defense Defense
Drew Shore David Perron Tyler Johnson Cody Ceci Ladislav Smid
Goaltenders
Starting : Joonas Korpisalo
Backup : Carey Price
Extra Forwards
Normal : Anthony Mantha, Auston Matthews, Samuel Morin - PP : Anthony Mantha, Devin Shore - PK : Samuel Morin
Extra Defensemen
Normal : Martin Marincin, Brandon Montour, Ladislav Smid - PP : Brandon Montour - PK : Alex Pietrangelo, Brandon Montour
Penalty Shots
David Perron, Auston Matthews, Devin Shore, Filip Forsberg, Tyler Johnson
Scratches
Eric Nystrom (Healthy), Jacob Slavin (Left Knee Injury), Peter Regin (Healthy)
% Time on Ice - Stars
Lines # - Real PCT - Wanted PCT - Time Play
Normal Forward
1 - 38% - 40% - 15:57
2 - 25% - 30% - 10:41
3 - 20% - 20% - 8:31
4 - 17% - 10% - 7:07
Normal Defense
1 - 46% - 40% - 19:17
2 - 32% - 30% - 13:22
3 - 20% - 20% - 8:30
4 - 3% - 10% - 1:07
PP Forward
1 - 53% - 60% - 5:16
2 - 47% - 40% - 4:39
PP Defense
1 - 52% - 60% - 5:10
2 - 48% - 40% - 4:45
PK Forward
1 - 66% - 60% - 5:08
2 - 34% - 40% - 2:41
PK Defense
1 - 58% - 60% - 4:34
2 - 42% - 40% - 3:15
PK3 Forward
1 - 0% - 60%
2 - 0% - 40%
PK3 Defense
1 - 0% - 60%
2 - 0% - 40%
44 Forward
1 - 0% - 60%
2 - 0% - 40%
44 Defense
1 - 0% - 60%
2 - 0% - 40%
Last Minute Offensive - 0:00
Last Minute Defensive - 0:00
Total
Forward - 60:00
Defense - 60:00
|
% Time on Ice - Blues
Lines # - Real PCT - Wanted PCT - Time Play
Normal Forward
1 - 40% - 40% - 16:46
2 - 26% - 30% - 11:09
3 - 23% - 20% - 9:51
4 - 11% - 10% - 4:30
Normal Defense
1 - 40% - 40% - 16:54
2 - 37% - 30% - 15:50
3 - 23% - 20% - 9:32
4 - 0% - 10% - 0:00
PP Forward
1 - 53% - 60% - 4:07
2 - 47% - 40% - 3:42
PP Defense
1 - 66% - 60% - 5:10
2 - 34% - 40% - 2:39
PK Forward
1 - 72% - 60% - 7:07
2 - 28% - 40% - 2:48
PK Defense
1 - 61% - 60% - 6:00
2 - 39% - 40% - 3:55
PK3 Forward
1 - 0% - 60%
2 - 0% - 40%
PK3 Defense
1 - 0% - 60%
2 - 0% - 40%
44 Forward
1 - 0% - 60%
2 - 0% - 40%
44 Defense
1 - 0% - 60%
2 - 0% - 40%
Last Minute Offensive - 0:00
Last Minute Defensive - 0:00
Total
Forward - 60:00
Defense - 60:00
|
Play-by-Play
1st period
0:01 of 1st period - John Tavares wins face-off versus Nicklas Backstrom in neutral zone.
0:52 of 1st period - Off-side.
0:53 of 1st period - Cory Emmerton wins face-off versus Auston Matthews in neutral zone.
1:42 of 1st period - Cody Ceci is hit by Andrew Ladd and loses puck.
2:03 of 1st period - Snap shot by Auston Matthews.
2:03 of 1st period - Stopped by Matt Murray with a rebound.
2:05 of 1st period - Slapshot by Cody Ceci.
2:05 of 1st period - Stopped by Matt Murray without a rebound.
2:06 of 1st period - John Tavares wins face-off versus Nicklas Backstrom in Stars zone.
2:39 of 1st period - Snap shot by Nicklas Backstrom.
2:39 of 1st period - Stopped by Matt Murray with a rebound.
2:41 of 1st period - Snap shot by Ladislav Smid.
2:41 of 1st period - Stopped by Matt Murray with a rebound.
2:43 of 1st period - Slapshot by Martin Marincin.
2:43 of 1st period - Stopped by Matt Murray with a rebound.
2:45 of 1st period - Wrist shot by Riley Sheahan.
2:45 of 1st period - Stopped by Matt Murray without a rebound.
2:46 of 1st period - Jeremy Morin wins face-off versus Drew Shore in Stars zone.
2:51 of 1st period - Snap shot by Evgeny Kuznetsov.
2:51 of 1st period - Shot Blocked by Drew Shore.
3:15 of 1st period - Snap shot by John Tavares.
3:15 of 1st period - Shot Misses the Net.
3:17 of 1st period - Slapshot by Brian Lee.
3:17 of 1st period - Stopped by Joonas Korpisalo without a rebound.
3:18 of 1st period - John Tavares wins face-off versus Devin Shore in Blues zone.
3:25 of 1st period - Wrist shot by Michael Grabner.
3:25 of 1st period - Shot Misses the Net.
3:29 of 1st period - Wrist shot by Michael Grabner.
3:29 of 1st period - Shot Misses the Net.
3:41 of 1st period - Minor Penalty to David Perron for Holding.
3:42 of 1st period - Drew Shore wins face-off versus John Tavares in Blues zone.
5:41 of 1st period - Penalty to David Perron is over, David Perron is back on ice.
6:15 of 1st period - Andrew Ladd is hit by Auston Matthews and loses puck.
6:32 of 1st period - Tyler Johnson is hit by Jeremy Morin and loses puck.
6:55 of 1st period - Jeremy Morin is hit by Drew Shore and loses puck.
8:00 of 1st period - John Tavares is hit by Patrick Kaleta and loses puck.
8:15 of 1st period - Alex Pietrangelo is hit by Jeremy Morin and loses puck.
8:54 of 1st period - Paul Ladue is hit by Ladislav Smid and loses puck.
8:59 of 1st period - Snap shot by Riley Sheahan.
8:59 of 1st period - Stopped by Matt Murray without a rebound.
9:00 of 1st period - Nicklas Backstrom wins face-off versus Evgeny Grachev in Stars zone.
9:14 of 1st period - Off-side.
9:15 of 1st period - Nicklas Backstrom wins face-off versus John Tavares in neutral zone.
9:19 of 1st period - Minor Penalty to Brian Lee for Interference.
9:20 of 1st period - Nicklas Backstrom wins face-off versus John Tavares in Stars zone.
9:20 of 1st period - Snap shot by Filip Forsberg.
9:20 of 1st period - Stopped by Matt Murray with a rebound.
11:19 of 1st period - Penalty to Brian Lee is over, Brian Lee is back on ice.
11:23 of 1st period - Paul Ladue is hit by Drew Shore and loses puck.
11:42 of 1st period - Patrick Kaleta is hit by Alex Chiasson and loses puck.
11:49 of 1st period - Alex Chiasson is hit by Samuel Morin and loses puck.
12:30 of 1st period - Slapshot by Patrick Kaleta.
12:30 of 1st period - Stopped by Matt Murray without a rebound.
12:31 of 1st period - Evgeny Kuznetsov wins face-off versus Nicklas Backstrom in Stars zone.
13:08 of 1st period - Wrist shot by Anthony Mantha.
13:08 of 1st period - Stopped by Matt Murray with a rebound.
13:32 of 1st period - Slapshot by Cory Emmerton.
13:32 of 1st period - Goal by Cory Emmerton - Stars : 1 - Blues : 0.
13:33 of 1st period - Nicklas Backstrom wins face-off versus Evgeny Kuznetsov in neutral zone.
13:44 of 1st period - Snap shot by Evgeny Kuznetsov.
13:44 of 1st period - Shot Misses the Net.
13:54 of 1st period - Alex Pietrangelo is hit by Andrew Ladd.
14:12 of 1st period - Snap shot by Devin Shore.
14:12 of 1st period - Deflect By David Perron.
14:12 of 1st period - Shot Misses the Net.
14:12 of 1st period - Puck is out of play.
14:13 of 1st period - Devin Shore wins face-off versus Evgeny Grachev in Stars zone.
14:34 of 1st period - Slapshot by Jussi Jokinen.
14:34 of 1st period - Shot Misses the Net.
14:36 of 1st period - Wrist shot by Alex Chiasson.
14:36 of 1st period - Shot Misses the Net.
14:58 of 1st period - Wrist shot by Michael Grabner.
14:58 of 1st period - Stopped by Joonas Korpisalo with a rebound.
15:00 of 1st period - Slapshot by Boris Valabik.
15:00 of 1st period - Deflect By Brandon Montour.
15:00 of 1st period - Stopped by Joonas Korpisalo without a rebound.
15:01 of 1st period - Auston Matthews wins face-off versus John Tavares in Blues zone.
15:03 of 1st period - Minor Penalty to Brandon Montour for High sticking.
15:04 of 1st period - Drew Shore wins face-off versus John Tavares in Blues zone.
15:16 of 1st period - Slapshot by Ian White.
15:16 of 1st period - Shot Blocked by Ryan Murray.
15:18 of 1st period - Snap shot by John Tavares.
15:18 of 1st period - Shot Misses the Net.
15:20 of 1st period - Snap shot by Ian White.
15:20 of 1st period - Stopped by Joonas Korpisalo without a rebound.
15:21 of 1st period - John Tavares wins face-off versus Drew Shore in Blues zone.
15:50 of 1st period - Snap shot by Jussi Jokinen.
15:50 of 1st period - Stopped by Joonas Korpisalo with a rebound.
15:52 of 1st period - Snap shot by Evgeny Grachev.
15:52 of 1st period - Stopped by Joonas Korpisalo without a rebound.
15:53 of 1st period - Drew Shore wins face-off versus Alex Chiasson in Blues zone.
17:03 of 1st period - Penalty to Brandon Montour is over, Brandon Montour is back on ice.
17:50 of 1st period - Anthony Mantha is hit by Evgeny Kuznetsov.
18:02 of 1st period - Snap shot by Cody Ceci.
18:02 of 1st period - Shot Misses the Net.
18:12 of 1st period - Slapshot by Linus Omark.
18:12 of 1st period - Shot Blocked by Paul Ladue.
18:18 of 1st period - Backhand shot by Evgeny Kuznetsov.
18:18 of 1st period - Shot Blocked by Ryan Murray.
18:26 of 1st period - Slapshot by Scott Kosmachuck.
18:26 of 1st period - Goal by Scott Kosmachuck - Stars : 2 - Blues : 0.
18:27 of 1st period - Nicklas Backstrom wins face-off versus Michael Grabner in neutral zone.
18:42 of 1st period - Snap shot by Tyler Johnson.
18:42 of 1st period - Shot Misses the Net.
18:44 of 1st period - Wrist shot by Martin Marincin.
18:44 of 1st period - Stopped by Matt Murray with a rebound.
18:50 of 1st period - Minor Penalty to Brian Lee for High sticking.
18:51 of 1st period - Nicklas Backstrom wins face-off versus John Tavares in Stars zone.
19:00 of 1st period - Snap shot by Nicklas Backstrom.
19:00 of 1st period - Shot Misses the Net.
19:23 of 1st period - David Perron is hit by Guillaume Latendresse and loses puck.
Goals for this period are 2 for Stars vs 0 for Blues.
Shots for this period are 8 for Stars vs 11 for Blues.
2nd period
0:01 of 2nd period - Tyler Johnson wins face-off versus John Tavares in neutral zone.
0:26 of 2nd period - Ian White is hit by David Perron and loses puck.
0:42 of 2nd period - Icing by David Perron.
0:43 of 2nd period - Nicklas Backstrom wins face-off versus Evgeny Grachev in Blues zone.
0:50 of 2nd period - Penalty to Brian Lee is over, Brian Lee is back on ice.
0:52 of 2nd period - Snap shot by Filip Forsberg.
0:52 of 2nd period - Shot Blocked by Paul Ladue.
0:54 of 2nd period - Snap shot by Ryan Murray.
0:54 of 2nd period - Shot Blocked by Evgeny Grachev.
0:56 of 2nd period - Slapshot by Brandon Montour.
0:56 of 2nd period - Stopped by Matt Murray with a rebound.
0:58 of 2nd period - Wrist shot by Nicklas Backstrom.
0:58 of 2nd period - Stopped by Matt Murray with a rebound.
1:00 of 2nd period - Slapshot by Ryan Murray.
1:00 of 2nd period - Stopped by Matt Murray with a rebound.
1:10 of 2nd period - Wrist shot by Linus Omark.
1:10 of 2nd period - Stopped by Matt Murray with a rebound.
1:12 of 2nd period - Snap shot by Anthony Mantha.
1:12 of 2nd period - Shot Misses the Net.
1:38 of 2nd period - Slapshot by Michael Grabner.
1:38 of 2nd period - Shot Hit the Post.
1:40 of 2nd period - Slapshot by Guillaume Latendresse.
1:40 of 2nd period - Shot Misses the Net.
2:04 of 2nd period - Cory Emmerton is hit by Nicklas Backstrom and loses puck.
2:11 of 2nd period - Minor Penalty to Andrew Ladd for Hooking.
2:12 of 2nd period - Nicklas Backstrom wins face-off versus John Tavares in Stars zone.
4:11 of 2nd period - Penalty to Andrew Ladd is over, Andrew Ladd is back on ice.
4:43 of 2nd period - Minor Penalty to Brandon Montour for Boarding.
4:44 of 2nd period - Drew Shore wins face-off versus John Tavares in Blues zone.
6:08 of 2nd period - Alex Chiasson is hit by Riley Sheahan and loses puck.
6:25 of 2nd period - Guillaume Latendresse is hit by Tyler Johnson and loses puck.
6:40 of 2nd period - Wrist shot by Riley Sheahan.
6:40 of 2nd period - Stopped by Matt Murray with a rebound.
6:43 of 2nd period - Penalty to Brandon Montour is over, Brandon Montour is back on ice.
6:50 of 2nd period - Ladislav Smid is hit by Andrej Sustr.
7:16 of 2nd period - Jeremy Morin is hit by Riley Sheahan and loses puck.
7:27 of 2nd period - Scott Kosmachuck is hit by Filip Forsberg and loses puck.
7:42 of 2nd period - Paul Ladue is hit by Anthony Mantha and loses puck.
8:03 of 2nd period - Brian Lee is hit by Cody Ceci and loses puck.
8:15 of 2nd period - Icing by Evgeny Grachev.
8:16 of 2nd period - Filip Forsberg wins face-off versus John Tavares in Stars zone.
8:17 of 2nd period - Wrist shot by Nicklas Backstrom.
8:17 of 2nd period - Deflect By Filip Forsberg.
8:17 of 2nd period - Shot Misses the Net.
8:17 of 2nd period - Puck is out of play.
8:18 of 2nd period - Nicklas Backstrom wins face-off versus Guillaume Latendresse in Stars zone.
8:25 of 2nd period - Nicklas Backstrom is hit by John Tavares and loses puck.
8:32 of 2nd period - Slapshot by John Tavares.
8:32 of 2nd period - Stopped by Joonas Korpisalo without a rebound.
8:33 of 2nd period - Evgeny Grachev wins face-off versus Devin Shore in Blues zone.
8:54 of 2nd period - Ryan Murray is hit by Alex Chiasson and loses puck.
9:41 of 2nd period - Cory Emmerton is hit by Anthony Mantha and loses puck.
10:18 of 2nd period - Snap shot by Jussi Jokinen.
10:18 of 2nd period - Stopped by Joonas Korpisalo without a rebound.
10:19 of 2nd period - Devin Shore wins face-off versus Evgeny Grachev in Blues zone.
10:30 of 2nd period - Snap shot by Riley Sheahan.
10:30 of 2nd period - Stopped by Matt Murray with a rebound.
10:32 of 2nd period - Snap shot by David Perron.
10:32 of 2nd period - Stopped by Matt Murray with a rebound.
10:34 of 2nd period - Slapshot by Ryan Murray.
10:34 of 2nd period - Stopped by Matt Murray with a rebound.
10:36 of 2nd period - Slapshot by David Perron.
10:36 of 2nd period - Shot Misses the Net.
10:46 of 2nd period - Boris Valabik is hit by Nicklas Backstrom and loses puck.
11:05 of 2nd period - Minor Penalty to Andrej Sustr for Hooking.
11:06 of 2nd period - Nicklas Backstrom wins face-off versus John Tavares in Stars zone.
12:09 of 2nd period - Slapshot by Alex Pietrangelo.
12:09 of 2nd period - Shot Blocked by Jussi Jokinen.
12:11 of 2nd period - Slapshot by Alex Pietrangelo.
12:11 of 2nd period - Shot Misses the Net.
12:13 of 2nd period - Snap shot by David Perron.
12:13 of 2nd period - Blues goal is going for a video replay.
12:13 of 2nd period - The goal is good.
12:13 of 2nd period - Goal by David Perron - Stars : 2 - Blues : 1.
12:14 of 2nd period - John Tavares wins face-off versus Nicklas Backstrom in neutral zone.
12:27 of 2nd period - Wrist shot by Michael Grabner.
12:27 of 2nd period - Shot Blocked by Martin Marincin.
13:49 of 2nd period - Patrick Kaleta is hit by John Tavares and loses puck.
14:21 of 2nd period - Anthony Mantha is hit by Andrew Ladd and loses puck.
14:46 of 2nd period - Snap shot by John Tavares.
14:46 of 2nd period - Stopped by Joonas Korpisalo with a rebound.
14:54 of 2nd period - Guillaume Latendresse is hit by Filip Forsberg and loses puck.
15:18 of 2nd period - Minor Penalty to Brian Lee for Hooking.
15:19 of 2nd period - Nicklas Backstrom wins face-off versus John Tavares in Stars zone.
15:35 of 2nd period - Andrej Sustr is hit by Nicklas Backstrom and loses puck.
16:00 of 2nd period - Wrist shot by Riley Sheahan.
16:00 of 2nd period - Shot Blocked by Andrej Sustr.
16:02 of 2nd period - Snap shot by Riley Sheahan.
16:02 of 2nd period - Goal by Riley Sheahan - Stars : 2 - Blues : 2.
16:03 of 2nd period - John Tavares wins face-off versus Nicklas Backstrom in neutral zone.
16:13 of 2nd period - Snap shot by Michael Grabner.
16:13 of 2nd period - Stopped by Joonas Korpisalo with a rebound.
16:35 of 2nd period - Slapshot by Riley Sheahan.
16:35 of 2nd period - Stopped by Matt Murray with a rebound.
16:41 of 2nd period - Snap shot by David Perron.
16:41 of 2nd period - Shot Misses the Net.
16:43 of 2nd period - Backhand shot by David Perron.
16:43 of 2nd period - Stopped by Matt Murray without a rebound.
16:44 of 2nd period - Nicklas Backstrom wins face-off versus John Tavares in Stars zone.
16:57 of 2nd period - Snap shot by Tyler Johnson.
16:57 of 2nd period - Stopped by Matt Murray without a rebound.
16:58 of 2nd period - Nicklas Backstrom wins face-off versus John Tavares in Stars zone.
17:27 of 2nd period - Snap shot by Cam Atkinson.
17:27 of 2nd period - Deflect By Alex Pietrangelo.
17:27 of 2nd period - Stopped by Joonas Korpisalo with a rebound.
17:29 of 2nd period - Snap shot by Andrew Ladd.
17:29 of 2nd period - Stopped by Joonas Korpisalo without a rebound.
17:30 of 2nd period - Cory Emmerton wins face-off versus Devin Shore in Blues zone.
17:31 of 2nd period - Snap shot by Andrew Ladd.
17:31 of 2nd period - Stopped by Joonas Korpisalo with a rebound.
17:33 of 2nd period - Slapshot by Cam Atkinson.
17:33 of 2nd period - Shot Blocked by Cody Ceci.
17:37 of 2nd period - Snap shot by Andrew Ladd.
17:37 of 2nd period - Stopped by Joonas Korpisalo without a rebound.
17:38 of 2nd period - John Tavares wins face-off versus Devin Shore in Blues zone.
17:39 of 2nd period - Wrist shot by Guillaume Latendresse.
17:39 of 2nd period - Shot Blocked by Riley Sheahan.
17:41 of 2nd period - Wrist shot by John Tavares.
17:41 of 2nd period - Shot Misses the Net.
17:43 of 2nd period - Snap shot by John Tavares.
17:43 of 2nd period - Goal by John Tavares - Stars : 3 - Blues : 2.
17:44 of 2nd period - Tyler Johnson wins face-off versus John Tavares in neutral zone.
18:18 of 2nd period - Snap shot by David Perron.
18:18 of 2nd period - Stopped by Matt Murray without a rebound.
18:19 of 2nd period - Devin Shore wins face-off versus Evgeny Grachev in Stars zone.
18:29 of 2nd period - Slapshot by Brian Lee.
18:29 of 2nd period - Stopped by Joonas Korpisalo with a rebound.
18:31 of 2nd period - Slapshot by Brian Lee.
18:31 of 2nd period - Stopped by Joonas Korpisalo without a rebound.
18:32 of 2nd period - John Tavares wins face-off versus Nicklas Backstrom in Blues zone.
18:35 of 2nd period - Snap shot by Michael Grabner.
18:35 of 2nd period - Stopped by Joonas Korpisalo without a rebound.
18:36 of 2nd period - Nicklas Backstrom wins face-off versus John Tavares in Blues zone.
19:10 of 2nd period - Ian White is hit by Filip Forsberg and loses puck.
19:17 of 2nd period - Snap shot by Tyler Johnson.
19:17 of 2nd period - Shot Misses the Net.
19:19 of 2nd period - Wrist shot by Nicklas Backstrom.
19:19 of 2nd period - Deflect By Filip Forsberg.
19:19 of 2nd period - Deflect By John Tavares.
19:19 of 2nd period - Shot Misses the Net.
19:19 of 2nd period - Puck is out of play.
19:20 of 2nd period - Evgeny Grachev wins face-off versus Devin Shore in Stars zone.
19:20 of 2nd period - Evgeny Grachev is hit by Devin Shore.
19:46 of 2nd period - Brandon Montour is hit by Cam Atkinson and loses puck.
Goals for this period are 1 for Stars vs 2 for Blues.
Shots for this period are 12 for Stars vs 14 for Blues.
3rd period
0:01 of 3rd period - John Tavares wins face-off versus Nicklas Backstrom in neutral zone.
0:10 of 3rd period - Slapshot by John Tavares.
0:10 of 3rd period - Stopped by Joonas Korpisalo without a rebound.
0:11 of 3rd period - John Tavares wins face-off versus Nicklas Backstrom in Blues zone.
0:38 of 3rd period - Slapshot by Alex Chiasson.
0:38 of 3rd period - Shot Misses the Net.
0:40 of 3rd period - Snap shot by Alex Chiasson.
0:40 of 3rd period - Shot Misses the Net.
0:42 of 3rd period - Snap shot by Evgeny Grachev.
0:42 of 3rd period - Stopped by Joonas Korpisalo with a rebound.
0:44 of 3rd period - Slapshot by Brian Lee.
0:44 of 3rd period - Shot Misses the Net.
1:25 of 3rd period - Patrick Kaleta is hit by Evgeny Kuznetsov and loses puck.
2:02 of 3rd period - Minor Penalty to Tyler Johnson for Hooking.
2:03 of 3rd period - Drew Shore wins face-off versus Michael Grabner in Blues zone.
2:49 of 3rd period - Ladislav Smid is hit by Guillaume Latendresse and loses puck.
3:07 of 3rd period - Martin Marincin is hit by Alex Chiasson and loses puck.
3:46 of 3rd period - Alex Chiasson is hit by Filip Forsberg and loses puck.
4:02 of 3rd period - Penalty to Tyler Johnson is over, Tyler Johnson is back on ice.
4:15 of 3rd period - Snap shot by Linus Omark.
4:15 of 3rd period - Stopped by Matt Murray without a rebound.
4:16 of 3rd period - Cory Emmerton wins face-off versus Nicklas Backstrom in Stars zone.
4:16 of 3rd period - Cory Emmerton is hit by Tyler Johnson.
4:27 of 3rd period - Snap shot by Filip Forsberg.
4:27 of 3rd period - Stopped by Matt Murray with a rebound.
4:41 of 3rd period - Slapshot by Nicklas Backstrom.
4:41 of 3rd period - Stopped by Matt Murray without a rebound.
4:42 of 3rd period - Evgeny Kuznetsov wins face-off versus Auston Matthews in Stars zone.
5:35 of 3rd period - Icing by Michael Grabner.
5:36 of 3rd period - Devin Shore wins face-off versus John Tavares in Stars zone.
5:41 of 3rd period - Snap shot by Riley Sheahan.
5:41 of 3rd period - Goal by Riley Sheahan - Stars : 3 - Blues : 3.
5:42 of 3rd period - Nicklas Backstrom wins face-off versus John Tavares in neutral zone.
5:47 of 3rd period - Snap shot by Tyler Johnson.
5:47 of 3rd period - Goal by Tyler Johnson - Stars : 3 - Blues : 4.
5:48 of 3rd period - John Tavares wins face-off versus Nicklas Backstrom in neutral zone.
6:14 of 3rd period - Andrej Sustr is hit by David Perron and loses puck.
6:55 of 3rd period - Linus Omark is hit by Ian White and loses puck.
7:20 of 3rd period - Wrist shot by Linus Omark.
7:20 of 3rd period - Deflect By Anthony Mantha.
7:20 of 3rd period - Shot Misses the Net.
7:20 of 3rd period - Puck is out of play.
7:21 of 3rd period - Nicklas Backstrom wins face-off versus John Tavares in Stars zone.
7:28 of 3rd period - Slapshot by Filip Forsberg.
7:28 of 3rd period - Shot Misses the Net.
7:37 of 3rd period - Off-side.
7:38 of 3rd period - Alex Chiasson wins face-off versus Devin Shore in neutral zone.
7:40 of 3rd period - Off-side.
7:41 of 3rd period - Devin Shore wins face-off versus Evgeny Grachev in neutral zone.
7:57 of 3rd period - Slapshot by Andrej Sustr.
7:57 of 3rd period - Stopped by Joonas Korpisalo with a rebound.
8:11 of 3rd period - Snap shot by Guillaume Latendresse.
8:11 of 3rd period - Shot Misses the Net.
8:13 of 3rd period - Wrist shot by Michael Grabner.
8:13 of 3rd period - Shot Misses the Net.
8:15 of 3rd period - Wrist shot by John Tavares.
8:15 of 3rd period - Deflect By Alex Pietrangelo.
8:15 of 3rd period - Shot Blocked by Ryan Murray.
8:15 of 3rd period - Puck is out of play.
8:16 of 3rd period - Evgeny Grachev wins face-off versus Nicklas Backstrom in Blues zone.
8:22 of 3rd period - Icing by Nicklas Backstrom.
8:23 of 3rd period - Nicklas Backstrom wins face-off versus Evgeny Grachev in Blues zone.
9:00 of 3rd period - Wrist shot by Nicklas Backstrom.
9:00 of 3rd period - Goal by Nicklas Backstrom - Stars : 3 - Blues : 5.
9:01 of 3rd period - Devin Shore wins face-off versus John Tavares in neutral zone.
10:35 of 3rd period - Snap shot by Cody Ceci.
10:35 of 3rd period - Stopped by Matt Murray without a rebound.
10:36 of 3rd period - Devin Shore wins face-off versus Evgeny Kuznetsov in Stars zone.
11:03 of 3rd period - Icing by Tyson Barrie.
11:04 of 3rd period - Nicklas Backstrom wins face-off versus Evgeny Kuznetsov in Stars zone.
11:05 of 3rd period - Slapshot by Filip Forsberg.
11:05 of 3rd period - Deflect By Paul Ladue.
11:05 of 3rd period - Shot Misses the Net.
11:05 of 3rd period - Puck is out of play.
11:06 of 3rd period - John Tavares wins face-off versus Nicklas Backstrom in Stars zone.
12:15 of 3rd period - Andrej Sustr is hit by Linus Omark and loses puck.
12:39 of 3rd period - Snap shot by Guillaume Latendresse.
12:39 of 3rd period - Shot Misses the Net.
12:41 of 3rd period - Wrist shot by Andrej Sustr.
12:41 of 3rd period - Stopped by Joonas Korpisalo without a rebound.
12:42 of 3rd period - Nicklas Backstrom wins face-off versus John Tavares in Blues zone.
13:37 of 3rd period - Wrist shot by Michael Grabner.
13:37 of 3rd period - Shot Blocked by Cody Ceci.
13:39 of 3rd period - Slapshot by Andrej Sustr.
13:39 of 3rd period - Shot Blocked by Brandon Montour.
13:41 of 3rd period - Wrist shot by John Tavares.
13:41 of 3rd period - Stopped by Joonas Korpisalo with a rebound.
13:59 of 3rd period - Snap shot by John Tavares.
13:59 of 3rd period - Stopped by Joonas Korpisalo with a rebound.
14:01 of 3rd period - Snap shot by Guillaume Latendresse.
14:01 of 3rd period - Shot Misses the Net.
14:03 of 3rd period - Wrist shot by Guillaume Latendresse.
14:03 of 3rd period - Deflect By John Tavares.
14:03 of 3rd period - Shot Misses the Net.
14:03 of 3rd period - Puck is out of play.
14:04 of 3rd period - Jussi Jokinen wins face-off versus Devin Shore in Blues zone.
14:32 of 3rd period - Wrist shot by Patrick Kaleta.
14:32 of 3rd period - Stopped by Matt Murray without a rebound.
14:33 of 3rd period - Cory Emmerton wins face-off versus Drew Shore in Stars zone.
14:33 of 3rd period - Cory Emmerton is hit by Drew Shore.
14:46 of 3rd period - Minor Penalty to Ladislav Smid for Hooking.
14:47 of 3rd period - Evgeny Grachev wins face-off versus Drew Shore in Blues zone.
15:54 of 3rd period - Guillaume Latendresse is hit by Drew Shore and loses puck.
16:46 of 3rd period - Penalty to Ladislav Smid is over, Ladislav Smid is back on ice.
17:34 of 3rd period - Snap shot by Jussi Jokinen.
17:34 of 3rd period - Deflect By Alex Chiasson.
17:34 of 3rd period - Shot Misses the Net.
17:34 of 3rd period - Puck is out of play.
17:35 of 3rd period - John Tavares wins face-off versus Auston Matthews in Blues zone.
18:25 of 3rd period - Ryan Murray is hit by Paul Ladue.
19:25 of 3rd period - Anthony Mantha is hit by Brian Lee and loses puck.
Goals for this period are 0 for Stars vs 3 for Blues.
Shots for this period are 6 for Stars vs 8 for Blues.
Output by the SimonT Hockey Simulator (STHS) for Francois Prevost